 Dungeon Crawl Stone Soup version 0.28-a0-595-g9f6c0e134a (webtiles) character file.

Game seed: 5806004130575608486

56 iamoutofideas the Chopper (level 3, -7/30 HPs)
             Began as a Hill Orc Gladiator on Oct 4, 2021.
             Killed by nerve-wracking pain
             ... invoked by an orc priest
              (14 damage)
             ... on level 2 of the Dungeon.
             The game lasted 00:01:44 (2103 turns).

iamoutofideas the Chopper (Hill Orc Gladiator)      Turns: 2103, Time: 00:01:45

Health: -7/30      AC:  4    Str: 17    XL:     3   Next: 97%
Magic:  3/3        EV: 12    Int:  8    God:
Gold:   92         SH:  0    Dex: 12    Spells: 2/2 levels left

rFire   . . .      SeeInvis .   a - +0 war axe
rCold   . . .      Faith    .   (no shield)
rNeg    . . .      Spirit   .   b - +0 leather armour
rPois   .          Reflect  .   c - +0 helmet
rElec   .          Harm     .   (no cloak)
rCorr   .          Rampage  .   (no gloves)
Will    .....                   (no boots)
Stlth   +.........              (no amulet)
HPRegen 0.10/turn               (no ring)
MPRegen 0.08/turn               (no ring)

@: no status effects
A: no striking features
a: Convert to Beogh


You were on level 2 of the Dungeon.
You visited 1 branch of the dungeon, and saw 2 of its levels.

You collected 92 gold pieces.

Inventory:

Hand Weapons
 a - a +0 war axe (weapon)
Missiles
 d - 3 throwing nets (quivered)
Armour
 b - a +0 leather armour (worn)
 c - a +0 helmet (worn)
 f - a +0 scale mail
Scrolls
 g - a scroll of teleportation {unknown}
 h - a scroll of enchant armour {unknown}
 i - a scroll of identify {unknown}
 j - 3 scrolls of blinking {unknown}
Potions
 e - 3 potions of brilliance {unknown}


   Skills:
 + Level 2.7 Fighting
 * Level 5.4 Axes
 - Level 1.8 Throwing
 - Level 0.4 Armour
 - Level 2.8 Dodging
 - Level 0.1 Stealth


You had 2 spell levels left.
You didn't know any spells.
Your spell library was empty.

Dungeon Overview and Level Annotations

Branches:
Dungeon (2/15)

Altars:

Annotations:
D:1 exclusion: downstairs


Message History

An orc priest is nearby!
An orc priest is nearby!
The orc priest shouts!
You hear a shout! x2
There is a stone staircase leading down here.
No target in view!
No target in view!
A rat and an orc priest come into view.
Found the Volume of Feathers and Confrontation.
There are monsters nearby!
There are monsters nearby!
Found a hand axe.
The orc priest hits you with a +0 hand axe!
An orc comes into view. It is wielding a +0 mace.
You barely miss the orc priest. You slash the rat!
You kill the rat!
The orc priest shouts, "Beogh is our master!
Accept the truth or die!"
The orc priest completely misses you.
An orc priest comes into view. It is wielding a +1 whip of venom.
The orc priest closely misses you.
You slash the orc priest!
The orc priest is heavily wounded.
The orc priest begins to cast a cantrip, but forgets the words!
The orc priest calls down the wrath of Beogh upon you.
Beogh smites you!
You are too injured to fight recklessly!
You are too injured to fight recklessly!
You are too injured to fight recklessly!
The orc priest hits you with a +0 hand axe.
* * * LOW HITPOINT WARNING * * *
You barely miss the orc priest.
The orc priest is heavily wounded.
The orc shouts!
The orc priest calls upon Beogh to heal the orc priest.
The orc priest is healed somewhat.
The orc priest barely misses you.
You closely miss the orc priest.
The orc priest is lightly wounded.
The orc priest shouts, "Beogh is our master!
Accept the truth or die!"
The orc priest mumbles some strange prayers to Beogh against you.
Pain shoots through your body!
You die...

.........######
###......#######.
##
#..............
#.
#.....#########
#. #.....#######
#...>........ ..
#.....####### ##.
#.....# ...
#@....# ....
#o....# ....
...o........ ..
#............#
#............#
#...oo....:..#
#............#
#..........).#


You could see 2 orc priests and 2 orcs.

Vanquished Creatures
  A worm (D:2)
  3 dart slugs (D:1)
  2 orcs
  3 endoplasms
  A giant cockroach (D:1)
  2 goblins
  4 hobgoblins (D:1)
  4 jackals
  3 kobolds (D:1)
  A quokka (D:2)
  7 ball pythons
  5 bats
  3 frilled lizards (D:1)
  3 rats
42 creatures vanquished.

Vanquished Creatures (others)
  A plant (D:2)
  2 withered plants (D:2)
3 creatures vanquished.

Grand Total: 45 creatures vanquished

Notes
Turn   | Place    | Note
-------+----------+-------------------------------------------
     0 | D:1      | iamoutofideas the Hill Orc Gladiator began the quest for
                  | the Orb.
     0 | D:1      | Reached XP level 1. HP: 18/18 MP: 1/1
   130 | D:1      | Reached XP level 2. HP: 25/25 MP: 2/2
   654 | D:1      | Reached XP level 3. HP: 28/30 MP: 3/3
  1226 | D:2      | Reached skill level 5 in Axes
  2103 | D:2      | Killed from afar by an orc priest

Illustrated notes

Levels and vault maps discovered:
D:1:      shiori_arrival_oz, layout_loops_corners, minmay_tiny_reverse_x
D:2:      layout_basic, shapermc_ecumenical_altar_flowoftime,
          kennysheep_generic_room_15

Skill      XL: |  1  2  3 |
---------------+----------+-----
Axes           | 5 |  5.4
Fighting       | |  2.7
Throwing       | |  1.8
Armour         | |  0.4
Dodging        | |  2.8
Stealth        | |  0.1

Action                   || total
-------------------------++-------
Melee: War axe           ||    96
 Stab: Sleeping          ||     2
Armor: Leather armour    ||    41
Dodge: Dodged            ||    68

Table legend: (Time is in decaauts)
 A = Elapsed time spent in this place.
 B = Non-inter-level travel time spent in this place.
 C = Inter-level travel time spent in this place.
 D = Time resting spent in this place.
 E = Time spent auto-exploring this place.
 F = Levels seen in this place.
 G = Mean time per level.
                   A        B        C        D        E       F      G
               +--------+--------+--------+--------+--------+-----+--------+
         Total |   2128 |   2096 |     32 |    797 |   1019 |   2 | 1064.0 |
       Dungeon |   2128 |   2096 |     32 |    797 |   1019 |   2 | 1064.0 |
               +--------+--------+--------+--------+--------+-----+--------+

Top non-repeatable levels by time:
     D:1: 1458 daAuts
     D:2: 669 daAuts
